 Dungeon Crawl Stone Soup version 0.13.0-25-g43d4df3 (webtiles) character file.

501 MirrMurr the Magician (level 6, 24/24 HPs)
             Began as a Felid Conjurer on Oct 28, 2013.
             Was an Initiate of Vehumet.
             Quit the game on Level 6 of the Dungeon.
             The game lasted 00:35:28 (7215 turns).

MirrMurr the Magician (Felid Conjurer)              Turns: 7215, Time: 00:35:29

HP  24/24        AC  2     Str  6      XL: 6   Next:  0%
MP  20/20        EV 22     Int 16      God: Vehumet [......]
Gold 235         SH  0     Dex 17      Spells:  5 memorised,  4 levels left
Lives: 0, deaths: 2

Res.Fire  : . . .   See Invis. : +   (weapon unavailable)
Res.Cold  : . . .   Warding    : .   (armour unavailable)
Life Prot.: . . .   Conserve   : .   (shield unavailable)
Res.Poison: .       Res.Corr.  : .   (helmet unavailable)
Res.Elec. : .       Clarity    : +   (cloak unavailable)
Sust.Abil.: . .     Spirit.Shd : .   (gloves unavailable)
Res.Mut.  : .       Stasis     : .   (boots unavailable)
Res.Rott. : .       Flight     : .   i - amulet of clarity
Saprovore : . . .                    (no ring)
                                     r - +4 ring of evasion

@: quick, somewhat resistant to hostile enchantments, stealthy
A: paw claws, no armour, no advanced items, fangs 3, see invisible, carnivore 3,
speed 1, slow metabolism 1, AC +2
a: Renounce Religion


You were on level 6 of the Dungeon.
You worshipped Vehumet.
Vehumet was noncommittal.
You were not hungry.

You visited 2 branches of the dungeon, and saw 7 of its levels.

You collected 215 gold pieces.

Inventory:

Comestibles
 b - 3 meat rations
Scrolls
 d - a scroll of magic mapping
 g - a scroll of random uselessness {unknown}
 j - a scroll of curse jewellery {unknown}
 k - a scroll of fog {unknown}
 m - a scroll of recharging {unknown}
 o - a scroll of noise {unknown}
 p - a scroll of amnesia {unknown}
 s - a scroll of teleportation
 t - a scroll of remove curse {unknown}
 u - a scroll of enchant armour {unknown}
Jewellery
 i - an amulet of clarity (around neck)
 l - a cursed amulet of faith
 r - a +4 ring of evasion (left paw)
 w - an uncursed ring of sustenance {unknown}
Potions
 a - a potion of mutation {unknown}
 e - 2 potions of heal wounds
 h - a potion of speed
 n - a potion of flight {unknown}
 q - 2 potions of might
Books
 c - a book of Conjurations

   Spells                             Type                      Level
   *Magic Dart                        Conjuration                  1
   *Searing Ray                       Conjuration                  2
   *Dazzling Spray                    Conjuration/Hexes            3
   *Iskenderun's Mystic Blast         Conjuration                  4
   *Iskenderun's Battlesphere         Conjuration/Charms           4
   Fulminant Prism                    Conjuration/Hexes            5


   Skills:
 - Level 2.6 Dodging
 - Level 2.6 Stealth
 + Level 6.5 Spellcasting
 * Level 6.4 Conjurations


You had 4 spell levels left.
You knew the following spells:

 Your Spells              Type           Power        Failure   Level  Hunger
a - Magic Dart            Conj           ####         1%          1    None
b - Searing Ray           Conj           ####..       1%          2    None
c - Dazzling Spray        Conj/Hex       ###.....     12%         3    ##.....
d - Iskenderun's Mystic   Conj           ####....     12%         4    ####...
e - Iskenderun's Battles  Conj/Chrm      ###.....     38%         4    ####...


Dungeon Overview and Level Annotations

Branches:
Dungeon (6/27)             Temple (1/1) D:4
    Orc: D:6-11

Altars:
Ashenzari
Kikubaaqudgha
Makhleb
Nemelex Xobeh
Okawaru
Sif Muna
Trog
Vehumet
Xom
Yredelemnul
Zin
the Shining One

Annotations:
D:3 come back, Purgy
D:6 Prince Ribbit


Innate Abilities, Weirdness & Mutations

You cannot wear armour.
You are incapable of any advanced item manipulation.
Your paws have sharp claws.
You have razor-sharp teeth.
You have supernaturally acute eyesight.
You are carnivorous and can eat meat at any time.
You cover ground quickly.
You are covered in thick fur (AC +2).
You have a slow metabolism.


Message History

Your magical contamination has completely faded away.
There is an open door here.
You see here a club.
Casting: Searing Ray
Confirm with . or Enter, or press ? or * to list all spells.
Aiming: Searing Ray
Press: ? - help, Shift-Dir - straight line, f/p - hill giant
Aim: a hill giant, wielding a giant spiked club (heavily wounded)
The searing ray hits the hill giant.
The hill giant is heavily wounded.
The searing ray hits the hill giant.
The hill giant is heavily wounded.
The searing ray hits the hill giant.
The hill giant is severely wounded.
The hill giant hits you with a giant spiked club!
Ouch! That really hurt!
You die...
You are now level 6!
You rejoin the land of the living...
Are you sure you want to abandon this character and quit the game? (Confirm with "yes".)

# #####.### #...§.# #..... #
#..# #...§.# #### ###.##
##'#### #.). #.O.# #.# ##.##
#.### ###'#### #.... ##'####
#..)...# #.... #####.....#
#......# #.... ..O.'.....#
#......#### #.... #####.....#
###@.....'..## #.... #
#.....####.'......##..###....
#.....#....#......###..##....
#.....'.####...%..# ##.......
#.....### #......# ####....
###'### #####'## #.... #.###
#.# #.... #...# #.## ##.##
###.## #..# #.##


There were no monsters in sight!

Vanquished Creatures
  Pikel (D:6)
  A slave (D:6)
  An ogre (D:6)
  A giant frog (D:6)
  A hippogriff zombie (D:5)
  3 crimson imps
  An orc priest (D:4)
  Crazy Yiuf (D:3)
  A jelly (D:5)
  4 adders
  2 giant mites
  An inept feature mimic (D:5)
  4 worms
  2 giant geckos (D:6)
  7 orcs
  A giant cockroach (D:1)
  7 hobgoblins
  4 jackals (D:1)
  3 ball pythons
  7 bats
  3 giant newts
  A gnoll skeleton (D:4)
  8 goblins
  A goblin skeleton (D:5)
  5 kobolds
  An orc skeleton (D:4)
  A quokka (D:2)
  8 rats
81 creatures vanquished.

Vanquished Creatures (others)
  A centaur (D:6)
  A hound (D:6)
  5 orcs (D:6)
  A goblin (D:6)
8 creatures vanquished.

Grand Total: 89 creatures vanquished

Notes
Turn   | Place    | Note
--------------------------------------------------------------
     0 | D:1      | MirrMurr, the Felid Conjurer, began the quest for the Orb.
     0 | D:1      | Reached XP level 1. HP: 7/7 MP: 4/4
   395 | D:1      | Reached XP level 2. HP: 11/11 MP: 3/5
   399 | D:1      | Learned a level 2 spell: Searing Ray
   422 | D:1      | Reached skill level 4 in Conjurations
  1053 | D:2      | Reached XP level 3. HP: 14/14 MP: 0/8
  1723 | D:2      | Reached XP level 4. HP: 18/18 MP: 7/10
  1842 | D:2      | Learned a level 3 spell: Dazzling Spray
  2444 | D:3      | Noticed Crazy Yiuf
  2459 | D:3      | Killed Crazy Yiuf
  2459 | D:3      | Reached skill level 5 in Conjurations
  2554 | D:3      | Noticed Purgy
  2623 | D:3      | Noticed an ogre
  3247 | D:4      | Found a staircase to the Ecumenical Temple.
  3619 | D:4      | Reached XP level 5. HP: 14/21 MP: 2/13
  3729 | Temple   | Entered the Ecumenical Temple
  3846 | Temple   | Became a worshipper of Vehumet
  4312 | D:5      | Entered Level 5 of the Dungeon
  4458 | D:4      | HP: 1/21 [poison (a potion of poison)]
  4765 | D:5      | Learned a level 4 spell: Iskenderun's Mystic Blast
  5338 | D:5      | Gained mutation: You are covered in thick fur (AC +2). [growing up]
  5338 | D:5      | Reached XP level 6. HP: 24/24 MP: 13/18
  5954 | D:6      | Noticed Pikel
  6491 | D:6      | Killed Pikel
  6491 | D:6      | Reached skill level 6 in Spellcasting
  6491 | D:6      | Reached XP level 7. HP: 13/27 MP: 10/21
  6852 | D:6      | Reached XP level 8. HP: 31/31 MP: 13/23
  6939 | D:6      | Learned a level 4 spell: Iskenderun's Battlesphere
  6996 | D:6      | Noticed Prince Ribbit
  7026 | D:6      | Noticed a hill giant
  7047 | D:6      | Slain by a black bear
  7048 | D:6      | Reached XP level 7. HP: -5/27 MP: 14/22
  7214 | D:6      | Mangled by a hill giant
  7215 | D:6      | Reached XP level 6. HP: -12/24 MP: 8/20
  7215 | D:6      | Quit the game

Action                   |  1- 3 |  4- 6 |  7- 9 || total
-------------------------+-------+-------+-------++-------
Melee: Unarmed           |     7 |     9 |     3 ||    19
 Cast: Magic Dart        |    53 |    65 |     4 ||   122
       Searing Ray       |     9 |    29 |     9 ||    47
       Dazzling Spray    |       |     8 |     3 ||    11
       Iskenderun's Myst |       |       |     1 ||     1
  Use: Scroll            |     1 |     8 |       ||     9
       Potion            |       |     3 |       ||     3
